 Dungeon Crawl Stone Soup version 0.22-a0-348-gd16d139 (webtiles) character file.

93 BaronVonScrub the Changer (level 4, -1/42 HPs)
             Began as an Octopode Transmuter on Apr 7, 2018.
             Slain by Crazy Yiuf
             ... wielding a +4 quarterstaff of chaos
              (8 damage)
             ... on level 3 of the Dungeon.
             The game lasted 00:12:53 (2262 turns).

BaronVonScrub the Changer (Octopode Transmuter)     Turns: 2262, Time: 00:12:54

Health: -1/42      AC: 22    Str:  7 (9)  XL:     4   Next: 62%
Magic:  0/7        EV:  2    Int: 16      God:
Gold:   79         SH:  0    Dex: 11 (12) Spells: 1/7 levels left

rFire    . . .     SeeInvis .     - Unarmed
rCold    . . .     Gourm    .   (no shield)
rNeg     + + +     Faith    .   (helmet currently unavailable)
rPois    +         Spirit   .   (no amulet)
rElec    .         Reflect  .   (no ring)
rCorr    .         Harm     .   (no ring)
MR       .....     NoTele   +   (no ring)
Stlth    +.........             (no ring)
HPRegen  0.14/turn              (no ring)
MPRegen  0.10/turn              (no ring)
                                (no ring)
                                (no ring)

@: tree-form, slightly contaminated, invisible
A: almost no armour, stealthy swim, (amphibious), 8 rings, (constrict 8)
a: no special abilities


You were on level 3 of the Dungeon.
You were not hungry.
You were a tree.
You visited 1 branch of the dungeon, and saw 3 of its levels.

You collected 79 gold pieces.

Inventory:

Missiles
 a - 11 arrows
Scrolls
 d - a scroll of identify
Potions
 b - a potion of haste
Comestibles
 c - 3 rations


   Skills:
 - Level 1.0 Fighting
 - Level 2.0 Dodging
 - Level 3.1 Unarmed Combat
 - Level 2.1 Spellcasting
 * Level 4.4 Transmutations


You had one spell level left.
You knew the following spells:

 Your Spells              Type           Power        Failure   Level  Hunger
a - Beastly Appendage     Tmut           ###...       3%          1    #......
b - Sticks to Snakes      Tmut           ###.....     4%          2    ###....
c - Spider Form           Tmut/Pois      #.........   24%         3    ###....


Dungeon Overview and Level Annotations

Branches:
Dungeon (3/15)

Altars:
Dithmenos

Annotations:
D:3 Crazy Yiuf


Innate Abilities, Weirdness & Mutations

You cannot wear most types of armour.
You are very stealthy in the water. (Stealth+)
((You are amphibious.))
You can wear up to eight rings at the same time.
((You can use your tentacles to constrict eight enemies at once.))
((Your skin changes colour to match your surroundings (Stealth+).))
((Your rubbery body absorbs attacks. (AC +1, EV +1)))


Message History

You feel your power leaking away.
Casting: Spider Form (safe; 24% risk of failure)
Confirm with . or Enter, or press ? or * to list all spells.
You don't have enough magic to cast that spell.
You tentacle-slap Crazy Yiuf but do no damage.
You grab Crazy Yiuf. Your squeeze misses Crazy Yiuf.
Crazy Yiuf is lightly wounded.
You constrict Crazy Yiuf.
Crazy Yiuf hits you with a quarterstaff of chaos.
* * * LOW HITPOINT WARNING * * *
You fade further into invisibility.
You are lightly contaminated with residual magic.
You turn into a tree.
Your roots penetrate the ground.
You lose your grip on Crazy Yiuf.
Crazy Yiuf hits you with a quarterstaff of chaos.
* * * LOW HITPOINT WARNING * * *
You hit Crazy Yiuf.
Crazy Yiuf is heavily wounded.
Crazy Yiuf hits you with a quarterstaff of chaos!
You die...

#.#....#.#######....
#.#.####............
#.#.# #..........##
##### ########...#
#...## #..... #####
♣♣##...## #)..#♣♣
♣♣..#..##
#g♣.'.♣♣♣♣......#
#...#♣..♣......##
#####♣♣♣.♣...###
♣♣♣♣♣##


You could see Crazy Yiuf.

Vanquished Creatures
  5 adders
  A worm (D:2)
  4 bats
  2 giant cockroaches
  9 goblins
  6 hobgoblins
  2 jackals (D:1)
  7 kobolds
  A quokka (D:2)
  2 ball pythons (D:1)
  A frilled lizard (D:1)
  4 rats
44 creatures vanquished.

Notes
Turn   | Place    | Note
-------+----------+-------------------------------------------
     0 | D:1      | BaronVonScrub the Octopode Transmuter began the quest for the Orb.
     0 | D:1      | Reached XP level 1. HP: 13/13 MP: 3/3
   265 | D:1      | Reached XP level 2. HP: 4/18 MP: 5/5
   671 | D:1      | Learned a level 2 spell: Sticks to Snakes
   901 | D:1      | Reached skill level 3 in Transmutations
   902 | D:1      | Reached XP level 3. HP: 15/23 MP: 6/6
   907 | D:1      | Learned a level 3 spell: Spider Form
  1675 | D:2      | Found a shadowy altar of Dithmenos.
  1682 | D:2      | Reached XP level 4. HP: 23/28 MP: 4/7
  1729 | D:2      | Reached skill level 4 in Transmutations
  2250 | D:3      | Found a runed door.
  2254 | D:3      | Noticed Crazy Yiuf
  2262 | D:3      | Slain by Crazy Yiuf

Vault maps used:
D:1:      minmay_arrival_radiant_lines, minmay_misc_feat_room,
          kennysheep_crisscross
D:2:      nicolae_dithmenos_through_a_glass_darkly, serial_glass,
          glass_columns_a, glass_columns_a, minmay_strange_pillars,
          serial_bayou_ford_a
D:3:      uniq_sigmund, uniq_crazy_yiuf_cottage, uniq_robin

Skill      XL: |  1  2  3  4 |
---------------+-------------+-----
Transmutations | 3 4 |  4.4
Fighting       | |  1.0
Dodging        | |  2.0
Unarmed Combat | |  3.1
Spellcasting   | |  2.1

Action                   |  1- 3 |  4- 6 || total
-------------------------+-------+-------++-------
Melee: Unarmed           |    94 |    31 ||   125
       Constrict         |    25 |     8 ||    33
       Kick              |     3 |       ||     3
       Tentacles         |    11 |     4 ||    15
 Cast: Beastly Appendage |     1 |       ||     1
       Spider Form       |     1 |       ||     1
       Sticks to Snakes  |     1 |       ||     1
  Use: Potion            |     3 |     2 ||     5
       Scroll            |     2 |     2 ||     4
 Stab: Sleeping          |     6 |     3 ||     9
       Invisible         |     2 |       ||     2
  Eat: Chunk             |     2 |       ||     2
       Ration            |       |     1 ||     1
Armor: Skin              |    22 |     2 ||    24
Dodge: Dodged            |    92 |    14 ||   106

Table legend:
 A = Spawn XP
 B = Non-spawn XP
 C = Spawn XP percentage of total XP
 D = Spawn monster count
 E = Non-spawn monster count
 F = Spawn count percentage of total count
 G = Total turns spent on level
                    A         B        C        D         E        F      G
               +---------+---------+-------+---------+---------+-------+---------
         Total |       0 |     134 |   0.0 |       0 |      44 |   0.0 |  2262
               +---------+---------+-------+---------+---------+-------+---------
           D:1 |       0 |      45 |   0.0 |       0 |      28 |   0.0 |  1425
           D:2 |       0 |      74 |   0.0 |       0 |      14 |   0.0 |   753
           D:3 |       0 |      15 |   0.0 |       0 |       2 |   0.0 |    84
               +---------+---------+-------+---------+---------+-------+---------
